 Dungeon Crawl Stone Soup version 0.18-a0-1577-gf591c28 (webtiles) character file.

169 M4edhros the Sneak (level 5, 0/33 HPs)
             Began as an Octopode Artificer on Mar 24, 2016.
             Slain by a giant newt (1 damage)
             ... on level 2 of the Dungeon.
             The game lasted 00:00:45 (447 turns).

M4edhros the Sneak (Octopode Artificer)              Turns: 447, Time: 00:00:45

Health: 0/33       AC:  1    Str: 11    XL:     5   Next: 50%
Magic:  7/7        EV: 13    Int: 14    God:
Gold:   8          SH:  0    Dex: 13    Spells: 0 memorised, 4 levels left

rFire  . . .     SeeInvis .     a - +0 short sword
rCold  . . .     Gourm    .     (no shield)
rNeg   . . .     Faith    .     (helmet restricted)
rPois  .         Spirit   .     (no amulet)
rElec  .         Dismiss  .     (no ring)
rCorr  .         Reflect  .     (no ring)
SustAt .         Harm     .     (no ring)
MR     .....                    (no ring)
Stlth  ++++......               (no ring)
                                (no ring)
                                (no ring)
                                (no ring)

@: not resistant to hostile enchantments, stealthy
A: almost no armour, amphibious, 8 rings, constrict 8, camouflage 1, gelatinous
body 1
a: no special abilities


You were on level 2 of the Dungeon.
You were not hungry.

You visited 1 branch of the dungeon, and saw 2 of its levels.

You collected 8 gold pieces.

Inventory:

Hand Weapons
 a - a +0 short sword (weapon)
Jewellery
 l - an uncursed ring of protection from cold {unknown}
Wands
 b - a wand of flame (13/48)
 c - a wand of enslavement (15/24)
 d - a wand of random effects (13/48)
Scrolls
 e - a scroll of random uselessness {unknown}
 g - a scroll of enchant weapon {unknown}
 i - a scroll of remove curse {unknown}
Potions
 k - a potion of mutation {unknown}
Comestibles
 f - a bread ration
 h - 5 fruits


   Skills:
 - Level 1.0 Fighting
 - Level 1.0 Short Blades
 + Level 3.5 Dodging
 * Level 6.1 Stealth
 - Level 3.2 Evocations


You had 4 spell levels left.
You didn't know any spells.

Dungeon Overview and Level Annotations

Branches:
Dungeon (2/15)

Altars:
Xom


Innate Abilities, Weirdness & Mutations

You cannot wear most types of armour.
You are amphibious.
You can wear up to eight rings at the same time.
You can use your tentacles to constrict eight enemies at once.
Your skin changes colour to match your surroundings (Stealth).
Your rubbery body absorbs attacks (AC +1).


Message History

* * * LOW HITPOINT WARNING * * *
Evoke which item? (* to show all) (? for menu, Esc to quit)
Zapping:
b - a wand of flame (14/48)
Press: ? - help, Shift-Dir - straight line The puff of flame hits something.
Reactivating autopickup.
Your Dodging skill increases to level 3!
Your Stealth skill gained 4 levels and is now at level 6!
You have reached level 3!
Your experience leads to an increase in your attributes!
Increase (S)trength, (I)ntelligence, or (D)exterity?
You feel agile.
You have reached level 4!
You have reached level 5!
You feel stronger.
You feel a bit more experienced.
This wand has 13 charges left.
The giant newt barely misses you. The goblin closely misses you.
The giant newt bites you.
You die...

#. #####...##...
#.. #.<#.# #.##
#.##.# #...###.# #
# #.....# .#
####...## #.#
#.....####...#
#..###.##....#
#..###%g.@.# ..
#....l..#.#
.#####........_..
.............#.#.#
....).)..........
###.............##
#.............#
#........######
#.#.....##


You could see a goblin and a giant newt.

Vanquished Creatures
  Sigmund (D:2)
  A worm (D:2)
  A giant cockroach (D:1)
  A hobgoblin (D:1)
  4 kobolds
  A bat (D:1)
  A giant newt (D:1)
  A goblin (D:1)
11 creatures vanquished.

Notes
Turn   | Place    | Note
--------------------------------------------------------------
     0 | D:1      | M4edhros the Octopode Artificer began the quest for the Orb.
     0 | D:1      | Reached XP level 1. HP: 13/13 MP: 3/3
   163 | D:1      | Reached skill level 2 in Stealth
   317 | D:1      | Reached XP level 2. HP: 18/18 MP: 4/4
   433 | D:2      | Found a shimmering altar of Xom.
   433 | D:2      | Noticed Sigmund
   443 | D:2      | Killed Sigmund
   443 | D:2      | Reached skill level 6 in Stealth
   443 | D:2      | Reached XP level 3. HP: 1/23 MP: 5/5
   443 | D:2      | Reached XP level 4. HP: 1/28 MP: 6/6
   443 | D:2      | Reached XP level 5. HP: 1/33 MP: 7/7
   447 | D:2      | Slain by a giant newt

Vault maps used:
D:1:      dpeg_arrival_round_b
D:2:      nicolae_overflow_hidden_temple, lemuel_crystal_altar,
          minmay_statues_item, uniq_sigmund

Skill      XL: |  1  2 |
---------------+-------+-----
Stealth        | 2 6 |  6.1
Dodging        | 3 |  3.5
Fighting       | |  1.0
Short Blades   | |  1.0
Evocations     | |  3.2

Action                   |  1- 3 |  4- 6 || total
-------------------------+-------+-------++-------
Melee: Short sword       |    19 |       ||    19
Evoke: Wand              |     3 |     1 ||     4
  Use: Potion            |     1 |       ||     1
 Stab: Sleeping          |     5 |       ||     5
